 Dungeon Crawl Stone Soup version 0.22-a0-266-g5fdf0d7 (webtiles) character file.

84 JeffiDaFish the Firebug (level 4, -1/24 HPs)
             Began as a Tengu Fire Elementalist on Mar 8, 2018.
             Slain by a leopard gecko (3 damage)
             ... on level 2 of the Dungeon.
             The game lasted 00:05:55 (1577 turns).

JeffiDaFish the Firebug (Tengu Fire Elementalist)   Turns: 1577, Time: 00:05:56

Health: -1/24      AC:  2    Str:  8    XL:     4   Next: 45%
Magic:  2/9        EV: 12    Int: 17    God:
Gold:   57         SH:  0    Dex: 14    Spells: 5/9 levels left

rFire    + . .     SeeInvis .   e - +0 dagger
rCold    . . .     Gourm    .   (no shield)
rNeg     . . .     Faith    .   a - +0 robe
rPois    .         Spirit   .   (helmet restricted)
rElec    .         Reflect  .   (no cloak)
rCorr    .         Harm     .   (no gloves)
MR       .....                  (boots unavailable)
Stlth    +++.......             (no amulet)
HPRegen  0.08/turn              d - ring of stealth
MPRegen  0.11/turn              f - ring of protection from fire

@: very slightly contaminated
A: beak, talons 3, MP-powered wands, sturdy frame 1
a: no special abilities


You were on level 2 of the Dungeon.
You were not hungry.

You visited 1 branch of the dungeon, and saw 2 of its levels.

You collected 57 gold pieces.

Inventory:

Hand Weapons
 e - a +0 dagger (weapon)
Armour
 a - a +0 robe (worn)
Jewellery
 d - a ring of stealth (left hand)
 f - a ring of protection from fire (right hand)
Scrolls
 g - a scroll of fear
Comestibles
 b - 3 chunks of flesh
 c - a ration


   Skills:
 - Level 2.1 Dodging
 - Level 2.0 Stealth
 * Level 3.0 Spellcasting
 + Level 2.9 Conjurations
 * Level 4.3 Fire Magic


You had 5 spell levels left.
You knew the following spells:

 Your Spells              Type           Power        Failure   Level  Hunger
a - Flame Tongue          Conj/Fire      ##...        4%          1    None
b - Conjure Flame         Conj/Fire      ##......     12%         3    ###....


Dungeon Overview and Level Annotations

Branches:
Dungeon (2/15)

Altars:


Innate Abilities, Weirdness & Mutations

You have a beak for a mouth.
You have claws for feet.
You expend magic power (3 MP) to strengthen your wands.
Your movements are slightly less encumbered by armour. (ER -2)


Message History

You are very lightly contaminated with residual magic.
Nothing appears to happen.
The leopard gecko misses you. The hobgoblin misses you. The ooze hits you.
Casting: Flame Tongue (safe; 4% risk of failure)
Confirm with . or Enter, or press ? or * to list all spells.
Aiming: Flame Tongue (safe; 4% risk of failure)
Press: ? - help, Shift-Dir - straight line, f/p - ooze
Aim: an ooze (heavily wounded)
The flame tongue hits the ooze.
The ooze appears unharmed.
The ooze is heavily wounded.
The leopard gecko bites you but does no damage.
The hobgoblin hits you with a club.
* * * LOW HITPOINT WARNING * * *
The ooze barely misses you.
Some of the chunks of flesh in your inventory have rotted away.
The leopard gecko bites you.
* * * LOW HITPOINT WARNING * * *
The leopard gecko bites you but does no damage.
The leopard gecko bites you.
You die...

#.####.##.#...#
##.####.##.†...#
#...........#..##
#........#.###..#
#...#####...#...# #...#
#.......# ######...#
#..#.#..#
#..J..g..#####..#.#..#####
#.###.b.l@...........##...
#####.#
#.######.#....##.##.##
####....J# #.#
#(#..####.##.# #.....(.##
#.# #.##.# #.##.#
#...(...# #.######.##.#
#.##.# #.......#
#........##.# #....#
........# #>.########.#
###..# #.......#
#..########)# #..#
#.......# #..#.......)#
#.<#


You could see an ooze, a leopard gecko, a hobgoblin and a bat.

Vanquished Creatures
  A worker ant zombie (D:2)
  An adder (D:2)
  An ooze (D:2)
  A worm (D:2)
  2 dart slugs (D:1)
  A leopard gecko (D:2)
  4 orcs (D:2)
  4 giant cockroaches
  7 goblins
  5 hobgoblins
  4 kobolds
  A quokka (D:2)
  2 ball pythons
  4 bats
  4 frilled lizards
  4 rats
46 creatures vanquished.

Notes
Turn   | Place    | Note
-------+----------+-------------------------------------------
     0 | D:1      | JeffiDaFish the Tengu Fire Elementalist began the quest for the Orb.
     0 | D:1      | Reached XP level 1. HP: 10/10 MP: 4/4
   171 | D:1      | Reached XP level 2. HP: 15/15 MP: 3/6
   430 | D:1      | Gained mutation: You expend magic power (3 MP) to strengthen your wands. [potion of mutation]
   430 | D:1      | Gained mutation: Your movements are slightly less encumbered by armour. (ER -2) [potion of mutation]
   728 | D:1      | Reached XP level 3. HP: 12/19 MP: 7/7
  1093 | D:2      | Reached skill level 4 in Fire Magic
  1168 | D:2      | Learned a level 3 spell: Conjure Flame
  1184 | D:2      | Reached XP level 4. HP: 19/24 MP: 3/9
  1567 | D:2      | HP: 1/24 [leopard gecko (4)]
  1577 | D:2      | Slain by a leopard gecko

Vault maps used:
D:1:      saegor_arrival_miasma

Skill      XL: |  1  2  3  4 |
---------------+-------------+-----
Conjurations   | 2 |  2.9
Fire Magic     | 4 |  4.3
Spellcasting   | 3 |  3.0
Dodging        | |  2.1
Stealth        | |  2.0

Action                   |  1- 3 |  4- 6 || total
-------------------------+-------+-------++-------
Melee: Unarmed           |     2 |       ||     2
       Peck              |     6 |       ||     6
       Dagger            |    42 |     8 ||    50
       Kick              |     7 |       ||     7
 Cast: Flame Tongue      |    34 |    25 ||    59
  Use: Potion            |     4 |       ||     4
       Scroll            |     1 |       ||     1
 Stab: Sleeping          |     1 |     1 ||     2
  Eat: Chunk             |     1 |     1 ||     2
Armor: Robe              |    11 |     5 ||    16
Dodge: Dodged            |    32 |    15 ||    47

Table legend:
 A = Spawn XP
 B = Non-spawn XP
 C = Spawn XP percentage of total XP
 D = Spawn monster count
 E = Non-spawn monster count
 F = Spawn count percentage of total count
 G = Total turns spent on level
                    A         B        C        D         E        F      G
               +---------+---------+-------+---------+---------+-------+---------
         Total |       0 |     120 |   0.0 |       0 |      46 |   0.0 |  1577
               +---------+---------+-------+---------+---------+-------+---------
           D:1 |       0 |      37 |   0.0 |       0 |      19 |   0.0 |   823
           D:2 |       0 |      83 |   0.0 |       0 |      27 |   0.0 |   754
               +---------+---------+-------+---------+---------+-------+---------
